Ron, neutral male human Tourist ---- --- --..-- ---- -------.-- --- ---....--- ----- -..| |...--...---.-- |........| |...| ..| --............---........| --...| ..--- ----..................--- |...-- -...| ---................| ---- |...| --...-- ---.>............| |..---..------.....| --- ---.|..........-- --......a.s@.......- ----- ---.-- ----..........| |.^...-----i---....---...-- |....| ---.........| |.....| |..|............| --.|.#-- |......|.---- |...--- |...............| ----..| ---.---.---- ----|...--- |..............-- --..----- |...|----- --..--.-...| |......---.....----- ------ |....--.-----.---.|..-----........|.- --.............%^*.............| |........||...||.........)...---..| . |....---......----- .......-- --.......--.----.....--------- -.... ---..---.....-- .| |...................| ....... |...|......| --.....-----------..| .....--- |.......---- --.|.-- ---- ---.--- ---.----- ----- --- --- Ron the Excursionist Experience level: 7 Strength: 13 Dexterity: 13 Constitution: 16 Intelligence: 11 Wisdom: 10 Charisma: 17 Health: 0(53) Energy: 31(31) Def: 12 Gold: 0 Moves: 7666 Dungeon seed: n4on1kE_xNQO16Fx Game ID: Ron_1440084873 Your Inventory: Weapons a - a blessed +4 elven dagger (weapon in hand) b - an uncursed +0 dwarvish short sword c - 37 uncursed +2 darts (in quiver) Armor d - an uncursed +0 Hawaiian shirt (being worn) e - an uncursed +0 dwarvish mithril-coat (being worn) f - a blessed +0 dwarvish cloak (being worn) g - an uncursed +3 orcish helm (being worn) h - an uncursed +0 pair of iron shoes (being worn) y - an uncursed +0 dwarvish cloak Tools i - an uncursed expensive camera (0:89) k - an uncursed skeleton key p - an uncursed +0 pick-axe H - an uncursed blindfold L - an uncursed +0 pick-axe Spellbooks J - an uncursed spellbook of jumping Potions j - 6 blessed potions of extra healing I - an uncursed potion of gain energy Comestibles l - 8 uncursed food rations m - an uncursed sprig of wolfsbane n - 2 uncursed carrots o - an uncursed chuckberry K - an uncursed partly eaten food ration Gems q - a cursed loadstone r - an uncursed jade stone z - an uncursed emerald N - 4 uncursed rocks Spells and supernatural/magical abilities: Name Level Category Fail Memory W - pray for help -- divine ? -- Your skills at the end: Fighting Skills Weapon Skills dagger [Basic] dart [Basic] Spellcasting Skills Final Attributes: You were devoutly aligned. You were telepathic. You are dead. Vanquished creatures: a small mimic a jaguar 3 Mordor orcs a rock piercer a pony a shrieker 4 gnome lords 2 paper golems 2 floating eyes 9 dwarves 2 homunculi 2 hill orcs 3 rothes a rabid rat 7 orc zombies a wererat 4 iguanas an acid blob 3 hobbits 3 hobgoblins 4 giant rats 2 yellow molds 2 red molds 11 gnomes 2 manes 2 gnome zombies 5 geckos 9 jackals 3 foxen a kobold 16 grid bugs 3 bats 12 lichens 8 newts 132 creatures vanquished. Voluntary challenges: You used a wielded weapon 158 times, starting on turn 1011. You read items or engraved 4 times, starting on turn 1. You never genocided any monsters. You never polymorphed an object. You never changed form. You used no wishes. You never split a pudding. You never wrote Elbereth's name. You never violated your personal moral code. Dungeon overview: The Dungeons of Doom: levels 1 to 5 Level 1 an altar to The Lady, a fountain a long staircase Level 2 a potion shop, a fountain Level 3 a potion shop, a fountain Level 4 a fountain stairs to The Gnomish Mines Level 5 a fountain The Gnomish Mines: levels 5 to 7 Level 5 stairs to The Dungeons of Doom Level 6 Level 7 <- You were here History has recorded: On T:1 you entered the Dungeons of Doom to retrieve the Amulet of Yendor! On T:377 you reached level 2 of The Dungeons of Doom. On T:593 you advanced to experience level 2. On T:1041 you reached level 3 of The Dungeons of Doom. On T:1127 you advanced to experience level 3. On T:1395 you advanced to experience level 4. On T:1862 you reached level 4 of The Dungeons of Doom. On T:2095 you reached level 5 of The Dungeons of Doom. On T:2403 you advanced to experience level 5. On T:2676 you reached level 1 of The Gnomish Mines. On T:3447 you received Giantslayer from The Lady. On T:4260 you advanced to experience level 6. On T:5930 you reached level 2 of The Gnomish Mines. On T:6884 you reached level 3 of The Gnomish Mines. On T:6976 you advanced to experience level 7. Score breakdown: Gold: 0 ( 0 points) Experience: 7 levels ( 600 points) Exploration: 7 levels ( 180 points) Discoveries: 5 items ( 250 points) Variety of kills: 34 monsters ( 1700 points) Major goal: (nothing yet) ( 0 points) Survival: died (score multiplied by 3) Total score: 8190 Latest messages: You are empty handed. a - a blessed runed dagger (alternate weapon; not wielded). You are now wielding your runed dagger. The tengu misses. The giant spider bites! You die... Final status: Aloha Ron the Tourist, killed by a giant spider... You died in The Gnomish Mines on dungeon level 7 with 8190 points, and 0 pieces of gold, after 7666 moves. You were level 7 with a maximum of 53 hit points when you died.